 Dungeon Crawl Stone Soup version 0.30.1-4-g462c640d31 (webtiles) character file.

Game seed: 9512397360871264107

1213 Cheops the Caller (level 8, -15/52 HPs)
             Began as a Merfolk Summoner on Sept 17, 2023.
             Demolished by an ogre
             ... wielding a +0 giant spiked club
              (26 damage)
             ... on level 5 of the Dungeon on Sept 18, 2023.
             The game lasted 00:30:08 (7169 turns).

Cheops the Caller (Merfolk Summoner)                Turns: 7169, Time: 00:30:09

Health: -15/52     AC: 10    Str:  9    XL:     8   Next: 46%
Magic:  8/12       EV: 12    Int: 16    God:
Gold:   297        SH:  0    Dex: 14    Spells: 3/13 levels left

rFire   . . .        a - +0 trident
rCold   . . .        (no shield)
rNeg    . . .        w - +1 leather armour of the Many Planets {Stlth+}
rPois   .            v - +2 hat {SInv}
rElec   .            (no cloak)
rCorr   .            z - +2 pair of gloves
SInv    +            i - +0 pair of boots
Will    .....        f - amulet of magic regeneration
Stlth   +++          (no ring)
HPRegen 0.28/turn    (no ring)
MPRegen 0.53/turn

%: no passive effects
@: very slightly contaminated
A: (nimble swimmer 2), mertail
a: no special abilities


You were on level 5 of the Dungeon.
You visited 1 branch of the dungeon, and saw 5 of its levels.
You also visited: Sewer.

You collected 297 gold pieces.

Inventory:

Hand Weapons
 a - a +0 trident (weapon)
 b - a +1 dagger of freezing
 c - a +0 halberd
 d - a +1 short sword of protection
 u - a +0 spear
 y - a +1 vampiric spear
Missiles
 B - a throwing net
Armour
 i - a +0 pair of boots (worn)
 n - a +0 robe
 v - a +2 hat of see invisible (worn)
 w - the +1 leather armour of the Many Planets (worn) {Stlth+}
   (You found it on level 3 of the Dungeon)

   Stlth:     It makes you more stealthy.
 z - a +2 pair of gloves (worn)
Jewellery
 f - an amulet of magic regeneration (around neck)
Wands
 A - a wand of flame (9)
Scrolls
 g - 2 scrolls of teleportation
 h - a scroll of magic mapping
 j - a scroll of butterflies {unknown}
 m - 2 scrolls of enchant armour
 o - a scroll of blinking
Potions
 e - a potion of attraction {unknown}
 k - 3 potions of haste {unknown}
 l - 2 potions of magic
 p - a potion of invisibility {unknown}
 q - 2 potions of heal wounds {unknown}
 r - a potion of might
 s - 3 potions of lignification {unknown}
 t - 3 potions of curing {unknown}
 x - a potion of brilliance


   Skills:
 + Level 7.0 Polearms
 - Level 2.6 Dodging
 - Level 2.1 Stealth
 - Level 3.0 Spellcasting
 - Level 7.0 Summonings
 - Level 4.2 Air Magic


You had 3 spell levels left.
You knew the following spells:

 Your Spells              Type           Power      Damage    Failure   Level
c - Call Canine Familiar  Summ           24%        N/A       4%          3
i - Call Imp              Summ           48%        N/A       2%          2
l - Summon Lightning Spi  Summ/Air       20%        N/A       26%         4
m - Summon Small Mammal   Summ           96%        N/A       1%          1

Your spell library contained the following spells:

 Spells                   Type           Power      Damage    Failure   Level
 Summon Guardian Golem    Hex/Summ       13%        N/A       19%         3
 Foxfire                  Conj/Fire      8%         2x1d4     26%         1
 Inner Flame              Hex/Fire       2%         N/A       61%         3
 Fireball                 Conj/Fire      1%         3d3       100%        5
 Yara's Violent Unravell  Hex/Tmut       1%         3d3       100%        5
 Plasma Beam              Fire/Air       4%         2x1d16    100%        6
 Starburst                Conj/Fire      1%         6d3       100%        6
 Enfeeble                 Hex            1%         N/A       100%        7


Dungeon Overview and Level Annotations

Branches:
Dungeon (5/15)              Sewer (visited)
 Temple: D:4-7

Altars:

Shops:
D:2 =


Innate Abilities, Weirdness & Mutations

((You are very nimble when in or above water. (Stealth+, EV+, Speed+++)))
Your lower body shifts to a powerful aquatic tail in water.


Message History

Found a chain mail.
There is an open door here.
An ogre comes into view. It is wielding a +0 giant spiked club.
An ogre is nearby!
An ogre is nearby!
An ogre is nearby!
Casting: Call Canine Familiar (dangerous; 4% risk of failure)
Confirm with . or Enter, or press ? or * to list all spells.
The spell is quite dangerous to miscast (26% risk of failure)!
Continue anyway?
You miscast Summon Lightning Spire.
You are very lightly contaminated with residual magic.
You are caught in an explosion of electrical discharges!
Casting: Summon Lightning Spire (quite dangerous; 26% risk of failure)
Confirm with . or Enter, or press ? or * to list all spells.
A tiny devil pulls itself out of the air.
What are your orders? t - Shout!
Orders for allies: a - Attack new target. r - Retreat! s - Stop attacking. g - Guard the area. f - Follow me.
Anything else - Cancel.
Gang up on whom?
Press: ? - help, Dir - move target, f - ogre
Aim: an ogre, wielding a +0 giant spiked club (ally target) Attack!
Your hound bites the ogre.
Your cerulean imp hits the ogre with a -2 spear.
Your hound bites the ogre.
You reach to attack!
You puncture the ogre!
The ogre is severely wounded.
You hit the ogre.
The ogre is severely wounded.
Your cerulean imp barely misses the ogre.
Your hound bites the ogre.
The ogre hits you with a +0 giant spiked club!!
Ouch! That really hurt!
* * * LOW HITPOINT WARNING * * *
The ogre attacks as you move away!
The ogre hits you with a +0 giant spiked club!!
Ouch! That really hurt!
You die...

..'......#.).....#......#
#[.....'.......'......# .
#......#####+###......#
..#####.................#
.... #..............>..#
..... #.................#
......#.................#
......'.................#
......#.@..........)....#
......#.Oh5..#####......#
..##. #......#[:$#...†...
# ## ##.....#!$$#.......
#.....#["(#.......
'.....#####.......
#.................
#................#
#...+.....†#


You could see an ogre (ally target), a friendly hound (summoned) and a friendly
cerulean imp (summoned).

Vanquished Creatures
  A black bear (D:5)
  A sky beast (D:5)
  2 hounds (D:4)
  A gnoll bouda (D:4)
  8 gnolls
  An adder (Sewer)
  An ufetubus (D:5)
  3 dart slugs
  14 orcs
  7 ball pythons
  6 bats
  3 endoplasms
  3 giant cockroaches (D:3)
  4 goblins
  3 hobgoblins (D:1)
  9 jackals (D:4)
  3 quokkas
  3 frilled lizards
  11 kobolds
  4 rats
88 creatures vanquished.

Vanquished Creatures (collateral kills)
  A water moccasin (D:5)
  A black bear (D:5)
  A centaur (D:5)
  An ogre (D:5)
  A gnoll sergeant (D:4)
  A hound (D:4)
  2 orc wizards
  4 adders
  14 gnolls
  A white imp (D:5)
  A worm (D:2)
  A dart slug (D:4)
  18 orcs
  5 ball pythons
  5 endoplasms
  2 goblins
  A hobgoblin (D:2)
  3 jackals (D:4)
  5 quokkas
  2 frilled lizards
  6 kobolds
  4 rats
80 creatures vanquished.

Grand Total: 168 creatures vanquished

Notes
Turn   | Place    | Note
-------+----------+-------------------------------------------
     0 | D:1      | Cheops the Merfolk Summoner began the quest for the Orb.
     0 | D:1      | Reached XP level 1. HP: 13/13 MP: 3/3
   116 | D:1      | Reached XP level 2. HP: 18/19 MP: 1/5
   397 | D:1      | Learned a level 2 spell: Call Imp
   429 | D:1      | Reached XP level 3. HP: 19/24 MP: 7/7
   433 | D:1      | Learned a level 3 spell: Call Canine Familiar
  1091 | D:2      | Reached XP level 4. HP: 30/30 MP: 4/8
  1136 | D:2      | Found Cusiuse's Jewellery Emporium.
  1152 | D:2      | Reached skill level 1 in Polearms
  1152 | D:2      | Reached skill level 5 in Summonings
  1581 | D:2      | Reached XP level 5. HP: 35/35 MP: 9/9
  1857 | D:3      | Learned a level 4 spell: Summon Lightning Spire
  1887 | D:3      | Found a faded altar of an unknown god.
  1918 | D:3      | Found a glowing drain.
  1969 | Sewer    | Entered a sewer
  2555 | D:3      | Identified the +1 leather armour of the Many Planets
                  | {Stlth+}
  3167 | D:4      | Reached XP level 6. HP: 41/41 MP: 6/10
  3169 | D:4      | Reached skill level 1 in Air Magic
  3743 | D:4      | Reached XP level 7. HP: 35/46 MP: 11/11
  4804 | D:2      | Found Cusiuse's Jewellery Emporium.
  5364 | D:3      | Found a faded altar of an unknown god.
  6514 | D:5      | Entered Level 5 of the Dungeon
  6532 | D:5      | Reached skill level 5 in Polearms
  6834 | D:5      | Reached XP level 8. HP: 31/52 MP: 12/12
  7169 | D:5      | Demolished by an ogre

Illustrated notes

Levels and vault maps discovered:
D:1:      wander_arrival_desolate, layout_rooms
D:2:      layout_basic, serial_shops, shop, minmay_tromino_v4_c
D:3:      layout_basic, shapermc_ecumenical_altar_starsandcircs,
          gup_sewer_entry_glass
D:4:      lemuel_castle_with_subvaults [lemuel_castle_interior_carwin_3],
          layout_cave_pools, serial_column_ruins, column_ruins_hut_water,
          column_ruins_square_medium, column_ruins_columns_straight,
          column_ruins_columns_corner, column_ruins_open_small,
          column_ruins_columns_corner, column_ruins_open_tiny,
          column_ruins_grid_3
D:5:      layout_gridville, due_unseen_surprise

Skill      XL: |  1  2  3  4  5  6  7  8 |
---------------+-------------------------+-----
Spellcasting   | 3 |  3.0
Polearms       | 2 4 5 7 |  7.0
Summonings     | 5 6 7 |  7.0
Air Magic      | 2 4 |  4.2
Dodging        | |  2.6
Stealth        | |  2.1

Action                     |  1- 3 |  4- 6 |  7- 9 || total
---------------------------+-------+-------+-------++-------
  Melee: Dagger            |    60 |       |       ||    60
         Unarmed           |     6 |       |       ||     6
         Spear             |     3 |   132 |       ||   135
         Trident           |       |    87 |   121 ||   208
         Tailslap          |       |    12 |     3 ||    15
         Punch             |       |       |     1 ||     1
   Cast: Summon Small Mamm |    14 |       |       ||    14
         Call Canine Famil |     3 |    19 |    12 ||    34
         Call Imp          |     3 |     5 |     3 ||    11
         Summon Lightning  |       |     1 |     6 ||     7
    Use: Scroll            |       |     1 |     5 ||     6
   Stab: Distracted        |     2 |     1 |     4 ||     7
         Sleeping          |     1 |     6 |     2 ||     9
 Armour: Robe              |    18 |    37 |       ||    55
         Leather armour    |       |    16 |    50 ||    66
  Dodge: Dodged            |    55 |   147 |    75 ||   277
